 Dungeon Crawl Stone Soup version 0.29.1-13-g9f3cf754e1 (webtiles) character file.

Game seed: 17213180364154222793

1530 wrenrar the Carver (level 8, -1/68 HPs)
             Began as a Merfolk Gladiator on Jan 29, 2023.
             Was a Priest of Fedhas.
             Slain by a killer bee (2 damage)
             ... on level 5 of the Dungeon.
             The game lasted 00:14:37 (4354 turns).

wrenrar the Carver (Merfolk Gladiator)              Turns: 4354, Time: 00:14:38

Health: -1/68      AC: 10    Str: 15    XL:     8   Next: 85%
Magic:  13/13      EV: 17    Int:  7    God:    Fedhas [***...]
Gold:   206        SH:  0    Dex: 17    Spells: 7/7 levels left

rFire   . . .      SeeInvis .   a - +1 long sword (freeze)
rCold   . . .      Faith    .   (no shield)
rNeg    . . .      Spirit   .   m - +2 leather armour {rPois}
rPois   +          Reflect  .   c - +0 helmet
rElec   .          Harm     .   (no cloak)
rCorr   .          Rampage  .   (no gloves)
Will    .....                   (no boots)
Stlth   ++........              (no amulet)
HPRegen 0.21/turn               p - +4 ring of protection
MPRegen 0.13/turn               (no ring)

@: lethally poisoned (-1 -> -4)
A: (nimble swimmer 2), mertail
a: Renounce Religion, Wall of Briars, Grow Ballistomycete


You were on level 5 of the Dungeon.
You worshipped Fedhas.
Fedhas was most pleased with you.
You visited 1 branch of the dungeon, and saw 5 of its levels.

You collected 206 gold pieces.

Inventory:

Hand Weapons
 a - a +1 long sword of freezing (weapon)
Missiles
 d - 2 throwing nets (quivered)
 e - a javelin
Armour
 c - a +0 helmet (worn)
 m - a +2 leather armour of poison resistance (worn)
Jewellery
 p - a +4 ring of protection (left hand)
Scrolls
 f - 2 scrolls of identify
 k - 3 scrolls of teleportation
 l - a scroll of immolation
Potions
 i - 2 potions of invisibility


   Skills:
 + Level 8.0 Fighting
 + Level 10.1 Long Blades
 - Level 2.0 Throwing
 + Level 10.1 Dodging
 + Level 3.8 Stealth
 + Level 7.6 Invocations


You had 7 spell levels left.
You didn't know any spells.
Your spell library contained the following spells:

 Spells                   Type           Power      Damage    Failure   Level
 Sting                    Tmut/Pois      0%         1d3       50%         1
 Poisonous Vapours        Pois/Air       0%         N/A       65%         2
 Ozocubu's Armour         Ice            0%         N/A       86%         3
 Olgreb's Toxic Radiance  Pois           0%         N/A       99%         4
 Metabolic Englaciation   Hex/Ice        0%         N/A       100%        5
 Simulacrum               Ice/Necr       0%         N/A       100%        6


Dungeon Overview and Level Annotations

Branches:
Dungeon (5/15)
 Temple: D:4-7

Altars:
Fedhas

Shops:
D:1 *(((   D:2 :[(


Innate Abilities, Weirdness & Mutations

((You are very nimble when in or above water. (Stealth+, EV+, Speed+++)))
Your lower body shifts to a powerful aquatic tail in water.


Message History

You flicker back into view.
You barely miss the killer bee.
The killer bee buzzes angrily.
Your punch misses the killer bee.
The killer bee is heavily wounded.
The killer bee misses you.
The killer bee stings you but does no damage.
The killer bee stings you.
You closely miss the killer bee.
The killer bee is heavily wounded.
The killer bee stings you.
You are poisoned.
The killer bee poisons you! The killer bee completely misses you.
The killer bee stings you!
* * * LOW HITPOINT WARNING * * *
The killer bee misses you.
You closely miss the killer bee.
The killer bee is heavily wounded.
You feel sick. The killer bee stings you.
* * * LOW HITPOINT WARNING * * *
The killer bee closely misses you.
You slash the killer bee! You freeze the killer bee.
You kill the killer bee!
Fedhas appreciates your contribution to the ecosystem.
You feel sick. The killer bee stings you!
* * * LOW HITPOINT WARNING * * *
The killer bee completely misses you.
You feel sick. The killer bee misses you.
Things that are here:
a throwing net; a killer bee corpse The killer bee attacks as you move away!
The killer bee completely misses you.
You feel sick. The killer bee stings you.
* * * LOW HITPOINT WARNING * * *
As you read the scroll labelled IHOVORPH FEISA, it crumbles to dust.
The creatures around you are filled with an inner flame!
It was a scroll of immolation.
* * * LOW HITPOINT WARNING * * *
You feel sick. The killer bee stings you.
You die...
Fedhas appreciates your contribution to the ecosystem.

......###.###.## #.#
#.....# #... #.#
####..###..# #### ###.#
#.......#
.#...##..†######.##.##.#
......#....<........##.#
.......†)#######.#####.#
......#....# #.# #.#
.#.).##@.#.# #.# #.#
#####.y.#.# #.#
#.......# # #.#
#.##...## #.# #...# #.#
#...# ....#..
#.....#....
#............


You could see a killer bee (inner flame).

Vanquished Creatures
  Eustachio (D:4)
  Edmund (D:4)
  A phantom (D:4)
  5 killer bees (D:5)
  A jelly (D:4)
  An orc priest (D:4)
  An iguana (D:4)
  An orc wizard (D:4)
  Robin (D:3)
  3 adders
  A worm (D:2)
  5 dart slugs
  9 orcs
  6 bats
  10 endoplasms
  2 giant cockroaches
  10 goblins
  9 hobgoblins
  2 jackals (D:3)
  4 kobolds
  8 quokkas
  9 ball pythons
  2 frilled lizards
  4 rats
97 creatures vanquished.

Vanquished Creatures (collateral kills)
  An orc warrior (D:4)
  An orc (D:4)
2 creatures vanquished.

Grand Total: 99 creatures vanquished

Notes
Turn   | Place    | Note
-------+----------+-------------------------------------------
     0 | D:1      | wrenrar the Merfolk Gladiator began the quest for the Orb.
     0 | D:1      | Reached XP level 1. HP: 16/16 MP: 1/1
   237 | D:1      | Found Dygud's Weapon Boutique.
   240 | D:1      | Reached XP level 2. HP: 20/22 MP: 2/2
   264 | D:1      | Found Nieg's Weapon Boutique.
   428 | D:1      | Found Quattim's Weapon Shop.
   437 | D:1      | Found a faded altar of an unknown god.
   486 | D:1      | Reached XP level 3. HP: 6/27 MP: 3/3
   487 | D:1      | Reached skill level 5 in Long Blades
   955 | D:1      | Found Vivaoqoe's General Store.
  1301 | D:1      | Prayed at the altar of an unknown god.
  1301 | D:1      | Became a worshipper of Fedhas Madash
  1301 | D:1      | Reached * piety under Fedhas
  1501 | D:2      | Found Irebad's Antique Weapon Shoppe.
  1738 | D:2      | Found Wenivenk's Armour Boutique.
  1839 | D:2      | Found Teqops's Book Shop.
  2090 | D:3      | Reached XP level 4. HP: 33/33 MP: 4/4
  2180 | D:3      | Noticed Robin
  2395 | D:3      | Killed Robin
  2396 | D:3      | Reached skill level 1 in Stealth
  2398 | D:3      | Reached ** piety under Fedhas
  2425 | D:3      | Reached skill level 1 in Invocations
  2852 | D:3      | Reached XP level 5. HP: 39/39 MP: 5/5
  2917 | D:4      | Noticed Eustachio
  2957 | D:4      | Killed Eustachio
  2958 | D:4      | Reached XP level 6. HP: 10/47 MP: 5/7
  3323 | D:4      | Noticed an orc warrior
  3333 | D:4      | Killed an orc warrior
  3334 | D:4      | Reached skill level 5 in Dodging
  3590 | D:4      | Noticed Edmund
  3606 | D:4      | Killed Edmund
  3607 | D:4      | Reached XP level 7. HP: 33/53 MP: 7/9
  4236 | D:4      | Reached skill level 10 in Long Blades
  4236 | D:4      | Reached skill level 10 in Dodging
  4236 | D:4      | Reached XP level 8. HP: 68/68 MP: 9/13
  4263 | D:5      | Entered Level 5 of the Dungeon
  4325 | D:5      | Reached *** piety under Fedhas
  4353 | D:5      | HP: 2/68 [killer bee (5)]
  4354 | D:5      | Slain by a killer bee

Illustrated notes

Levels and vault maps discovered:
D:1:      lemuel_arrival_tunnels, layout_loops_ring, basic_ecumenical_altar,
          serial_shops, shop_statue, shop, nicolae_shop_bloodbath_and_beyond,
          shop, minmay_pentomino_w4
D:2:      layout_basic, serial_shops, shop, shop, shop_statue
D:3:      layout_rooms, uniq_robin
D:4:      layout_loops_ring, uniq_eustachio, uniq_edmund
D:5:      layout_loops_ring, marbit_many_paths, nicolae_kite_square_tiling_tiny

Skill      XL: |  1  2  3  4  5  6  7  8 |
---------------+-------------------------+-----
Long Blades    | 4 5 6 10 | 10.1
Stealth        | 1 2 3 |  3.8
Invocations    | 1 2 7 |  7.6
Fighting       | 3 7 8 |  8.0
Dodging        | 5 10 | 10.1
Throwing       | |  2.0

Action                   |  1- 3 |  4- 6 |  7- 9 || total
-------------------------+-------+-------+-------++-------
Melee: Long sword        |   115 |   128 |    86 ||   329
       Punch             |       |     3 |       ||     3
Throw: Throwing net      |       |     2 |       ||     2
Invok: Wall of Briars    |       |     1 |       ||     1
  Use: Scroll            |    10 |     1 |     1 ||    12
       Potion            |       |     1 |     7 ||     8
 Stab: Sleeping          |     1 |     1 |     2 ||     4
       Held in net/web   |       |     2 |       ||     2
       Invisible         |       |       |     4 ||     4
Armor: Leather armour    |    35 |    61 |    25 ||   121
Dodge: Dodged            |    99 |   101 |    98 ||   298
